 Dungeon Crawl Stone Soup version 0.30-a0-1161-g0704695555 (webtiles) character file.

Game seed: 3588735330929888051

4274668 morax the Conqueror (level 27, 199/199 HPs)
             Began as a Gargoyle Fighter on Apr 27, 2023.
             Was the Champion of Zin.
             Escaped with the Orb
             ... and 7 runes!
             The game lasted 03:01:54 (98607 turns).

morax the Conqueror (Gargoyle Fighter)             Turns: 98607, Time: 03:01:54

Health: 199/199    AC: 76    Str: 32    XL:     27
Magic:  49/49      EV: 22    Int: 16    God:    Zin [******]
Gold:   2417       SH: 24    Dex: 12    Spells: 44/53 levels left

rFire   + + .        a - +11 Singing Sword {sonic wave}
rCold   + + .        u - +3 tower shield {AC+3}
rNeg    + + .        z - +13 crystal plate armour of the Unseen Realm {Regen+ Dex+2}
rPois   ∞            s - +0 helmet of the Guilds {Regen+ Str+7}
rElec   +            D - +1 cloak of the Hot Ocelot {+Blink rF+ rC+ Stlth+}
rCorr   +            C - +1 pair of gloves of Yloapp {rElec rCorr Dex-3 Slay+3}
SInv    +            P - +2 pair of boots "Qej Facw" {MP+9 SInv}
Will    +++..        l - amulet "Itoug" {*Slow rPois Regen+ Dex+6} Stlth
                     p - ring of the Tuna {rF+ rC+ rN+ Will+}
HPRegen 2.93/turn    j - ring of the Hare {EV+10}
MPRegen 0.31/turn

%: slow self (1%)
@: flying, studying 4 skills
A: sickness immunity, AC +20, big wings, negative energy resistance 1,
electricity resistance, torment resistance 1, petrification resistance, clumsy
2, teleportitis 1, inability to read after injury 2
0: Orb of Zot
}: 7/15 runes: decaying, slimy, silver, abyssal, demonic, magical, gossamer
a: Renounce Religion, Evoke Blink, Recite, Vitalisation, Imprison, Sanctuary,
Donate Gold


You escaped.
You worshipped Zin.
Zin was exalted by your worship.
You visited 14 branches of the dungeon, and saw 58 of its levels.
You visited Pandemonium 2 times, and saw 10 of its levels.
You visited the Abyss 4 times.
You visited 1 ziggurat, and saw 21 of its levels.
You also visited: Trove and Gauntlet.

You collected 12954 gold pieces.
You spent 7927 gold pieces at shops.
You donated 2610 gold pieces to Zin.

Inventory:

Hand Weapons
 a - the +11 Singing Sword (weapon) {sonic wave}
   (You took it off a red draconian on level 4 of the Depths)
 b - a +9 eudemon blade of holy wrath
 e - a +0 eveningstar of protection
Armour
 s - the +0 helmet of the Guilds (worn) {Regen+ Str+7}
   (You bought it in a shop on level 3 of the Elven Halls)

   Str:       It affects your strength (+7).
   Regen:     It increases your rate of health regeneration.
 u - a +3 tower shield of protection (worn)
 w - the +0 pair of fencer's gloves {Riposte Dex+3}
   (You acquired it on level 2 of the Crypt)

   Riposte:   It allows the wearer to riposte with melee weapons, swiftly
   retaliating against missed or blocked melee attacks.
   Dex:       It affects your dexterity (+3).
 z - the +13 crystal plate armour of the Unseen Realm (worn) {Regen+ Dex+2}
   (Okawaru gifted it to you on level 13 of the Dungeon)

   Dex:       It affects your dexterity (+2).
   Regen:     It increases your rate of health regeneration.
 C - the +1 pair of gloves of Yloapp (worn) {rElec rCorr Dex-3 Slay+3}
   (You found it on level 2 of the Vaults)

   Dex:       It affects your dexterity (-3).
   Slay:      It affects your accuracy & damage with ranged weapons and melee
   (+3).
   rElec:     It insulates you from electricity.
   rCorr:     It protects you from acid and corrosion.
 D - the +1 cloak of the Hot Ocelot (worn) {+Blink rF+ rC+ Stlth+}
   (You found it on level 10 of the Dungeon)

   rF:        It protects you from fire.
   rC:        It protects you from cold.
   +Blink:    It lets you blink.
   Stlth:     It makes you more stealthy.
 P - the +2 pair of boots "Qej Facw" (worn) {MP+9 SInv}
   (You found it in a Gauntlet)

   MP:        It affects your magic capacity (+9).
   SInv:      It lets you see invisible.
 U - +2 gold dragon scales
Jewellery
 h - the ring of Iveiq {Wiz *Slow rF+ rN+++}
   (You found it in a treasure trove)

   [ring of wizardry]

   It improves your spell success rate.
   rF:        It protects you from fire.
   rN:        It renders you almost immune to negative energy.
   *Slow:     It may slow you when you take damage.
 j - the ring of the Hare (right hand) {EV+10}
   (You bought it in a shop on level 5 of the Dungeon)

   [ring of evasion]

   EV:        It affects your evasion (+10).
 k - the ring "Tiute" {Str-3 Int+5 Dex+6}
   (You found it in a treasure trove)

   [ring of dexterity]

   Str:       It affects your strength (-3).
   Int:       It affects your intelligence (+5).
   Dex:       It affects your dexterity (+6).
 l - the amulet "Itoug" (around neck) {*Slow rPois Regen+ Dex+6}
   (You found it on level 3 of the Crypt)

   [amulet of regeneration]

   Dex:       It affects your dexterity (+6).
   rPois:     It protects you from poison.
   Regen:     It increases your rate of health regeneration.
   *Slow:     It may slow you when you take damage.
 m - the ring of Dualymiyt {rN+ Will+ rCorr MP+9}
   (You found it on level 2 of a ziggurat)

   [ring of magical power]

   rN:        It protects you from negative energy.
   MP:        It affects your magic capacity (+9).
   rCorr:     It protects you from acid and corrosion.
   Will:      It increases your willpower.
 p - the ring of the Tuna (left hand) {rF+ rC+ rN+ Will+}
   (You found it on level 17 of a ziggurat)

   [ring of positive energy]

   rF:        It protects you from fire.
   rC:        It protects you from cold.
   rN:        It protects you from negative energy.
   Will:      It increases your willpower.
 v - the ring of Anik {rElec rN++ Dex+6 Slay+3}
   (You took it off a deep elf elementalist on level 3 of the Elven Halls)

   [ring of dexterity]

   Dex:       It affects your dexterity (+6).
   Slay:      It affects your accuracy & damage with ranged weapons and melee
   (+3).
   rElec:     It insulates you from electricity.
   rN:        It greatly protects you from negative energy.
 K - the ring of Seytith {rC+ rCorr MP-9 Str+6}
   (You found it on level 16 of a ziggurat)

   [ring of protection from cold]

   Str:       It affects your strength (+6).
   rC:        It protects you from cold.
   MP:        It affects your magic capacity (-9).
   rCorr:     It protects you from acid and corrosion.
 O - the ring of Meivut {rF+ Str+2 Dex+3}
   (You found it in a treasure trove)

   [ring of protection from fire]

   Str:       It affects your strength (+2).
   Dex:       It affects your dexterity (+3).
   rF:        It protects you from fire.
 Z - the ring "Ceczeetz" {AC+4 Int+4}
   (You found it on level 19 of a ziggurat)

   [ring of protection]

   AC:        It affects your AC (+4).
   Int:       It affects your intelligence (+4).
Wands
 d - a wand of light (46)
 y - a wand of flame (145) (quivered)
 J - a wand of mindburst (56)
 R - a wand of digging (16)
 V - a wand of charming (8)
Scrolls
 c - 5 scrolls of magic mapping
 f - 61 scrolls of identify
 n - 9 scrolls of silence
 o - 11 scrolls of immolation
 q - 15 scrolls of fear
 t - 7 scrolls of butterflies
 B - 11 scrolls of fog
 E - 10 scrolls of amnesia
 F - 24 scrolls of enchant weapon
 G - 6 scrolls of poison
 N - 19 scrolls of teleportation
 W - 7 scrolls of blinking
Potions
 g - 6 potions of mutation
 i - 13 potions of brilliance
 r - 4 potions of magic
 x - a potion of berserk rage
 A - 5 potions of might
 H - 22 potions of curing
 L - 13 potions of ambrosia
 M - 7 potions of lignification
 Q - 10 potions of cancellation
 S - 4 potions of invisibility
 T - 7 potions of resistance
 Y - 7 potions of haste
Miscellaneous
 I - a box of beasts


   Skills:
 O Level 27 Fighting
 O Level 27 Long Blades
 - Level 23.8 Maces & Flails
 + Level 21.6 Armour
 + Level 14.9 Dodging
 + Level 21.7 Shields
 * Level 13.7 Spellcasting
 * Level 21.8 Earth Magic
 * Level 19.3 Invocations
 - Level 13.1 Evocations


You had 44 spell levels left.
You knew the following spells:

 Your Spells              Type           Power      Damage    Failure   Level
a - Shatter               Erth           34%        3d28*     100%        9

Your spell library contained the following spells:

 Spells                   Type           Power      Damage    Failure   Level
 Sandblast                Erth           100%       2d20      0%          1
 Passwall                 Tmut/Erth      37%        N/A       1%          2
 Lee's Rapid Deconstruct  Erth           34%        3d17*     1%          5
 Stone Arrow              Conj/Erth      90%        3d12      2%          3
 Animate Armour           Summ/Erth      90%        N/A       8%          4
 Leda's Liquefaction      Hex/Erth       22%        N/A       8%          4
 Petrify                  Tmut/Erth      45%        N/A       8%          4
 Apportation              Tloc           20%        N/A       54%         1
 Beastly Appendage        Tmut           20%        N/A       54%         1
 Foxfire                  Conj/Fire      40%        2x1d6     54%         1
 Freeze                   Ice            40%        1d6       54%         1
 Kiss of Death            Conj/Necr      40%        2d8       54%         1
 Magic Dart               Conj           40%        1d5       54%         1
 Necrotise                Necr           40%        1d6       54%         1
 Shock                    Conj/Air       40%        1d5       54%         1
 Slow                     Hex            40%        N/A       54%         1
 Sting                    Tmut/Pois      40%        1d5       54%         1
 Summon Small Mammal      Summ           40%        N/A       54%         1
 Blink                    Tloc           20%        N/A       67%         2
 Call Imp                 Summ           20%        N/A       67%         2
 Ensorcelled Hibernation  Hex/Ice        20%        N/A       67%         2
 Lesser Beckoning         Tloc           20%        N/A       67%         2
 Momentum Strike          Conj/Tloc      20%        3d8       67%         2
 Poisonous Vapours        Pois/Air       20%        N/A       67%         2
 Scorch                   Fire           20%        2d6       67%         2
 Searing Ray              Conj           20%        2d5       67%         2
 Wereblood                Tmut           10%        N/A       67%         2
 Iron Shot                Conj/Erth      22%        9d5       75%         6
 Call Canine Familiar     Summ           10%        N/A       88%         3
 Confusing Touch          Hex            10%        N/A       88%         3
 Dazzling Flash           Conj/Hex       20%        N/A       88%         3
 Frozen Ramparts          Ice            20%        1d4       88%         3
 Gell's Gravitas          Tloc           10%        N/A       88%         3
 Hailstorm                Conj/Ice       10%        3d5       88%         3
 Ignite Poison            Fire/Tmut/Pois 10%        N/A       88%         3
 Inner Flame              Hex/Fire       10%        N/A       88%         3
 Mephitic Cloud           Conj/Pois/Air  10%        N/A       88%         3
 Ozocubu's Armour         Ice            10%        N/A       88%         3
 Portal Projectile        Hex/Tloc       20%        N/A       88%         3
 Spider Form              Tmut/Pois      10%        N/A       88%         3
 Summon Guardian Golem    Hex/Summ       10%        N/A       88%         3
 Swiftness                Air            10%        N/A       88%         3
 Teleport Other           Tloc           10%        N/A       88%         3
 Tukima's Dance           Hex            10%        N/A       88%         3
 Vampiric Draining        Necr           10%        2d6       88%         3
 Vhi's Electric Charge    Tloc/Air       20%        N/A       88%         3
 Volatile Blastmotes      Fire/Tloc      20%        2d11      88%         3
 Anguish                  Hex/Necr       5%         N/A       99%         4
 Cause Fear               Hex            5%         N/A       99%         4
 Dispel Undead            Necr           10%        3d9       99%         4
 Flame Wave               Conj/Fire      10%        2d6       99%         4
 Fulminant Prism          Conj/Hex       5%         3d7       99%         4
 Ice Form                 Ice/Tmut       10%        N/A       99%         4
 Iskenderun's Mystic Bla  Conj/Tloc      10%        2d4       99%         4
 Manifold Assault         Tloc           10%        N/A       99%         4
 Olgreb's Toxic Radiance  Pois           10%        N/A       99%         4
 Sticky Flame             Conj/Fire      10%        2d3       99%         4
 Summon Ice Beast         Ice/Summ       10%        N/A       99%         4
 Summon Lightning Spire   Summ/Air       10%        N/A       99%         4
 Agony                    Necr           10%        N/A       100%        5
 Alistair's Intoxication  Tmut/Pois      6%         N/A       100%        5
 Arcjolt                  Conj/Air       5%         1d15      100%        5
 Blade Hands              Tmut           5%         N/A       100%        5
 Fireball                 Conj/Fire      5%         3d5       100%        5
 Freezing Cloud           Conj/Ice/Air   5%         6-21      100%        5
 Irradiate                Conj/Tmut      5%         3d13      100%        5
 Iskenderun's Battlesphe  Conj           10%        2d6       100%        5
 Metabolic Englaciation   Hex/Ice        5%         N/A       100%        5
 Silence                  Hex/Air        5%         N/A       100%        5
 Summon Forest            Summ/Tloc      5%         N/A       100%        5
 Summon Mana Viper        Hex/Summ       10%        N/A       100%        5
 Conjure Ball Lightning   Conj/Air       5%         3x3d6     100%        6
 Death Channel            Necr           5%         N/A       100%        6
 Dispersal                Tloc           5%         N/A       100%        6
 Eringya's Noxious Bog    Tmut/Pois      5%         N/A       100%        6
 Plasma Beam              Fire/Air       5%         2x1d17    100%        6
 Simulacrum               Ice/Necr       5%         N/A       100%        6
 Starburst                Conj/Fire      5%         6d4       100%        6
 Summon Cactus Giant      Summ           5%         N/A       100%        6
 Dragon Form              Tmut           5%         N/A       100%        7
 Enfeeble                 Hex            5%         N/A       100%        7
 Malign Gateway           Summ/Tloc      5%         N/A       100%        7
 Monstrous Menagerie      Summ           5%         N/A       100%        7
 Orb of Destruction       Conj           5%         9d5       100%        7
 Ozocubu's Refrigeration  Ice            5%         4d8       100%        7
 Spellforged Servitor     Conj/Summ      5%         N/A       100%        7
 Storm Form               Tmut/Air       5%         N/A       100%        7
 Summon Hydra             Summ           5%         N/A       100%        7
 Discord                  Hex            5%         N/A       100%        8
 Disjunction              Tloc           5%         N/A       100%        8
 Ignition                 Fire           5%         3d4       100%        8
 Lehudib's Crystal Spear  Conj/Erth      22%        10d6      100%        8
 Maxwell's Capacitive Co  Air            5%         ∞         100%        8
 Chain Lightning          Conj/Air       5%         3d6       100%        9
 Fire Storm               Conj/Fire      5%         8d1       100%        9
 Polar Vortex             Ice            5%         N/A       100%        9
 Cigotuvi's Dreadful Rot  Necr/Pois/Air  Unusable   N/A       N/A         2
 Sublimation of Blood     Necr           Unusable   N/A       N/A         2
 Statue Form              Tmut/Erth      Unusable   N/A       N/A         6

Dungeon Overview and Level Annotations

Branches:
Dungeon (15/15)            Temple (1/1) D:6            Lair (5/5) D:9
  Swamp (4/4) Lair:3       Spider (4/4) Lair:2        Slime (5/5) Lair:5
    Orc (2/2) D:11            Elf (3/3) Orc:2        Vaults (5/5) D:14
  Crypt (3/3) Vaults:3       Tomb (1/3) Crypt:3      Depths (4/4) D:15
   Hell (visited)             Dis (0/7) Hell            Geh (0/7) Hell
    Coc (0/7) Hell            Tar (0/7) Hell            Zot (5/5) Depths:4
Gauntlet (visited)

Altars:
Ashenzari
Cheibriados
Dithmenos
Elyvilon
Fedhas
Gozag
Hepliaklqana
Kikubaaqudgha
Makhleb
Nemelex Xobeh
Okawaru
Qazlal
Ru
Sif Muna
Uskayaw
Vehumet
Wu Jian
Xom
Yredelemnul
Zin
The Shining One
Jiyva

Shops:
D:3 (   D:5 =   D:14 =   Orc:2 (*?(=[==   Elf:3 *:[=*   Vaults:3 (

Portals:
Hell: Depths:1 Depths:2 Depths:3 Depths:4
Abyss: Depths:1 Depths:3
Pandemonium: Orc:2 Depths:2

Annotations:
D:5 exclusion: moth of wrath
D:8 1 runed translucent door, sleepylion's ghost, novice TrBe
Lair:2 1 runed translucent door
Depths:2 exclusion: door
Depths:4 exclusions: 3 hell knights and hellion
Zot:3 4 transporters


Innate Abilities, Weirdness & Mutations

You are immune to sickness and miasma.
Your stone body is resilient. (AC +20)
You are immune to poison.
Your large and strong wings let you fly.
You resist negative energy. (rN+)
You are resistant to electric shocks. (rElec)
You are resistant to unholy torment.
You are immune to petrification.
You are very clumsy. (Dex -4)
You are occasionally teleported next to monsters.
You sometimes lose the ability to read scrolls when taking damage.


Message History

Omuxaf gestures at you. The bolt of energy hits you.
You hit Omuxaf but do no damage.
Omuxaf is heavily wounded.
You block Omuxaf's attack. x2
You slash Omuxaf!
Omuxaf is heavily wounded.
You block Omuxaf's attack.
You slice Omuxaf!!
Omuxaf is severely wounded.
Omuxaf hits you but does no damage. Omuxaf hits you!
You chop Omuxaf into pieces!!!
Omuxaf is almost dead.
Omuxaf barely misses you.
You slash Omuxaf!
Omuxaf is almost dead.
You block Omuxaf's attack. Omuxaf gestures at you.
The bolt of energy hits you but does no damage.
You hit Omuxaf.
Omuxaf is almost dead.
Omuxaf gestures at you. The bolt of energy misses you. Omuxaf gestures at you.
The bolt of energy hits you but does no damage.
You slash Omuxaf!
The Singing Sword chimes harmoniously.
You send a blast of sound all around you.
You kill Omuxaf!
No target in view!
(D) Dungeon (T) Temple (L) Lair (S) Swamp (N) Spider Nest (M) Slime Pits (O) Orcish Mines (E) Elven Halls (V) Vaults (C) Crypt (W) Tomb (U) Depths (H) Hell (I) Dis (G) Gehenna (X) Cocytus (Y) Tartarus (Z) Zot
Where to? (Enter - D:1 @ (x,y), ? - help)
Okay, then.
There is an open door here.
There is a staircase leading out of the dungeon here.
You have escaped!

######.# #.#
#.# #.# #.#
#.#####
#.....######
#####...##8♣♣
###..'.@♣
####8♣♣ ###


There were no monsters in sight!

Vanquished Creatures
  the Royal Jelly (Slime:5)
  Lom Lobon (Pan)
  12 dread liches
  Khufu (Crypt:1)
  7 ancient liches
  7 orbs of fire
  Mennas (Pan)
  2 royal mummies (Crypt:1)
  Boris (Depths:4)
  Josephina (Zot:1)
  4 shard shrikes (Zig:17)
  Sojobo (Depths:4)
  11 pandemonium lords
  Saint Roka (Vaults:1)
  Vv (Zot:2)
  10 Killer Klowns
  Margery (Crypt:2)
  12 golden dragons
  A curse toe (Zot:4)
  3 caustic shrikes
  Geryon (Hell)
  A profane servitor (Zig:13)
  10 bone dragons
  7 doom hounds
  2 electric golems (Zot:5)
  4 Brimstone Fiends (Pan)
  23 Hell Sentinels
  5 Ice Fiends
  23 tentacled monstrosities
  2 hellephants
  4 Tzitzimimeh
  5 tainted leviathans (Zig:13)
  A walking divine tome (Depths:2)
  28 Orb Guardians
  Grunn (Depths:3)
  6 quicksilver dragons
  17 titans
  14 liches
  12 deep elf master archers
  9 Executioners (Pan)
  10 sphinxes
  20 acid blobs
  9 deep elf blademasters
  8 thorn hunters
  7 tentacled starspawn
  15 tengu reavers
  10 ancient champions
  13 death cobs
  13 shadow dragons
  Donald (Orc:2)
  Agnes (Elf:2)
  21 storm dragons
  14 draconian monks
  5 revenants
  12 fire giants
  7 demonspawn warmongers (Pan)
  A fenstrider witch (Swamp:2)
  15 rockslimes
  9 draconian knights
  4 iron dragons
  6 deep elf sorcerers
  6 azure jellies
  17 frost giants
  An iron dragon (shapeshifter) (Zig:9)
  8 narguns (Zig:17)
  21 vault wardens
  6 emperor scorpions
  Aizul (Vaults:1)
  5 ghost moths
  8 draconian scorchers
  6 quicksilver elementals
  3 curse skulls
  7 deep elf elementalists
  10 balrugs
  2 angels (Pan)
  6 draconian stormcallers
  8 draconian shifters
  17 draconian annihilators
  2 orc warlords
  3 demonspawn corrupters (Pan)
  2 spriggan defenders (Depths:2)
  13 ghouls
  7 cacodemons
  A quicksilver ooze (shapeshifter) (Depths:1)
  24 reapers
  21 very ugly things
  A caustic shrike skeleton (Crypt:3)
  4 war gargoyles
  7 demonspawn blood saints (Pan)
  A broodmother (Zig:4)
  8 ironbound thunderhulks
  10 vampire knights
  9 quicksilver oozes
  28 stone giants
  31 ironbound preservers
  An ophan (Abyss:3)
  Nessos (D:14)
  19 green draconians
  6 deep elf demonologists
  A rockslime zombie (Crypt:3)
  15 lorocyprocas
  8 eleionomae
  A minotaur (Gauntlet)
  5 putrid mouths
  19 red draconians
  16 black draconians
  4 wendigos (Zig:17)
  4 dire elephants
  5 bunyips
  15 deep elf annihilators
  18 yellow draconians
  10 purple draconians
  16 white draconians
  17 blizzard demons
  4 spark wasps
  12 eidola
  A spectral quicksilver dragon (Zig:13)
  13 green deaths
  3 iron golems
  5 crystal guardians
  23 ettins
  2 merfolk impalers (Zig:14)
  14 jiangshi
  13 deep elf death magi
  2 merfolk javelineers (Zig:14)
  20 yaktaur captains
  7 fire dragons
  4 shambling mangroves
  11 deep elf high priests
  An ice dragon (shapeshifter) (Zig:16)
  6 entropy weavers
  10 great orbs of eyes
  6 ice dragons
  Harold (D:9)
  42 vault guards
  21 hydras
  9 hell beasts
  A spectral sphinx (Zig:13)
  2 salamander tyrants (Zig:7)
  3 ogre magi
  2 peacekeepers (Vaults:2)
  A juggernaut simulacrum (Crypt:3)
  2 rakshasas
  2 anacondas (Zig:7)
  4 two-headed ogres
  3 radroaches
  3 death knights
  A demonspawn (Orc:2)
  2 spriggan skeletons
  12 centaur warriors
  2 merfolk aquamancers (Zig:14)
  7 ironbound frosthearts
  7 spriggan air magi
  23 dancing weapons
  4 alligators
  6 catoblepae
  5 boulder beetles
  11 death yaks
  8 death scarabs (Spider:4)
  3 jorogumos
  15 vampire magi
  13 deep troll shamans
  11 tengu warriors
  A quicksilver ooze zombie (Crypt:2)
  A thrashing horror (Zig:6)
  13 deep troll earth magi
  8 orc high priests
  4 shock serpents
  7 hell hogs (Hell)
  A shock serpent (shapeshifter) (Zig:9)
  Urug (D:11)
  A spectral emperor scorpion (Spider:4)
  2 spriggan berserkers
  31 soul eaters
  A spectral storm dragon (Crypt:3)
  6 crystal echidnas
  2 naga sharpshooters (Zig:7)
  17 shadow wraiths
  13 iron trolls
  15 spriggans
  11 hell knights
  A salamander mystic (Depths:4)
  25 skeletal warriors
  10 sixfirhies
  A bunyip zombie (Crypt:1)
  47 sun demons
  27 deep elf knights
  7 wretched stars
  8 pharaoh ants
  A golden dragon zombie (Crypt:1)
  3 sea snakes (Zig:14)
  A titan skeleton (Crypt:3)
  9 flayed ghosts
  79 deep trolls
  2 deep trolls (shapeshifter)
  7 orb spiders
  2 anaconda zombies (Hell)
  3 death drakes
  13 swamp dragons
  2 goliath frogs
  10 spriggan druids
  8 glowing orange brains
  3 spectral hydras (Swamp:4)
  A glowing orange brain (shapeshifter) (Abyss:3)
  6 lindwurms (Vaults:1)
  14 wizards
  A shadow dragon zombie (Depths:1)
  24 deep elf archers
  2 lindwurms (shapeshifter)
  2 orange crystal statues (Hell)
  A spectral jorogumo (Spider:4)
  9 bog bodies
  16 orc knights
  36 phantasmal warriors
  A steelbarb worm (shapeshifter) (Zig:5)
  8 harpies
  17 ironbound convokers
  A tengu zombie (Depths:1)
  17 necromancers
  7 shadow demons
  34 deep elf pyromancers
  A cyclops (shapeshifter) (Vaults:5)
  46 ugly things
  A harpy (shapeshifter) (Vaults:4)
  4 spectral wolf spiders (Spider:4)
  A stone giant zombie (Vaults:3)
  22 wolf spiders
  3 iron dragon zombies
  A wolf spider zombie (Spider:4)
  A tengu skeleton (Depths:1)
  28 deep elf zephyrmancers
  A spectral ettin (Crypt:3)
  7 will-o-the-wisps
  4 oklob plants
  A wolf spider (shapeshifter) (Zig:19)
  6 steelbarb worms
  A manticore (shapeshifter) (Vaults:5)
  6 shining eyes
  7 cyclopes
  A sphinx skeleton (Crypt:2)
  8 orc sorcerers
  4 worldbinders (Abyss:3)
  5 salamanders
  A moth of wrath (shapeshifter) (Zig:16)
  28 moths of wrath
  6 manticores
  18 elephants
  A salamander (shapeshifter) (D:12)
  A fire giant skeleton (Vaults:3)
  Maurice (D:11)
  3 black mambas
  A naga zombie (Hell)
  12 vault sentinels
  2 merfolk sirens (Zig:14)
  3 guardian serpents (shapeshifter)
  A toenail golem (D:1)
  Joseph (D:8)
  73 smoke demons
  6 water nymphs (Zig:14)
  2 eyes of devastation
  2 human skeletons
  7 orange demons (Pan)
  A naga mage (Zig:7)
  A molten gargoyle (Hell)
  6 cane toads
  An ice statue (Hell)
  5 apocalypse crabs
  22 demonic crawlers
  A shock serpent skeleton (Crypt:2)
  2 gargoyles
  2 spectral redbacks (Spider:4)
  An unseen horror (D:11)
  3 torpor snails
  A human zombie (Vaults:1)
  A rime drake (shapeshifter) (D:13)
  Psyche (D:8)
  A pale draconian zombie (Crypt:3)
  9 hellions
  An efreet (D:14)
  A sea snake zombie (Crypt:2)
  3 komodo dragons
  2 tengu conjurers
  20 yaktaurs
  3 kobold demonologists (D:11)
  An alligator snapping turtle skeleton (Hell)
  2 rime drakes
  17 freezing wraiths
  16 tormentors
  A yaktaur (shapeshifter) (D:13)
  A minotaur skeleton (Hell)
  13 ice devils
  4 red devils
  2 guardian mummies (Tomb:1)
  3 hydra zombies
  39 hellwings
  2 silent spectres
  A death drake zombie (Swamp:4)
  3 ancient zymes (Abyss:3)
  A mana viper zombie (Crypt:3)
  9 trolls
  2 harpy zombies
  A tengu simulacrum (Hell)
  A sea snake skeleton (Hell)
  3 polar bears
  2 queen bees (shapeshifter) (Vaults:4)
  2 bloated husks
  2 spectral culicivoras (Spider:4)
  A troll (shapeshifter) (Elf:3)
  22 merfolk (Zig:14)
  6 tyrant leeches
  A harpy skeleton (Hell)
  A shadow dragon simulacrum (Zot:1)
  5 spectral jumping spiders (Spider:4)
  21 tarantellas
  32 hornets
  A blink frog (shapeshifter) (Vaults:5)
  A dream sheep (shapeshifter) (Zig:9)
  3 jumping spider zombies
  3 tarantella zombies
  10 raiju
  A tarantella (shapeshifter) (Zig:16)
  A death drake skeleton (Swamp:4)
  2 wind drakes (Zig:14)
  An ettin zombie (Depths:1)
  3 ice dragon zombies
  Prince Ribbit (Lair:1)
  13 blink frogs
  4 hydra skeletons
  58 slime creatures
  A fire giant simulacrum (Depths:1)
  13 shadows
  2 snapping turtles (Zig:14)
  2 slime creatures (shapeshifter)
  26 jumping spiders
  2 jumping spiders (shapeshifter)
  3 spriggan zombies
  3 air elementals
  5 wyverns
  23 flying skulls
  16 culicivoras
  20 wraiths
  An alligator skeleton (Hell)
  An ushabti (Tomb:1)
  A spriggan (shapeshifter) (Elf:2)
  14 starcursed masses
  47 yaks
  29 ynoxinuls
  13 water elementals
  A yak (shapeshifter) (Vaults:5)
  6 fire elementals
  A human (shapeshifter) (D:13)
  2 golden eyes
  27 chaos spawn
  2 basilisks
  40 large abominations
  2 steam dragons
  46 redbacks
  17 neqoxecs
  A black draconian simulacrum (Zot:1)
  8 small abominations
  A two-headed ogre zombie (D:11)
  19 swamp worms
  2 wargs (Orc:1)
  13 vampire mosquitoes
  An acid dragon (shapeshifter) (Vaults:5)
  2 acid dragons
  A faun skeleton (Crypt:2)
  3 hydra simulacra (Swamp:4)
  18 water moccasins
  A floating eye (Depths:1)
  2 moth of wrath simulacra (Zot:1)
  A floating eye (shapeshifter) (D:12)
  52 orc warriors
  A merfolk skeleton (Crypt:2)
  11 swamp drakes
  3 ice beasts
  A sky beast (D:7)
  A deep troll simulacrum (Vaults:1)
  A glowing shapeshifter skeleton (Vaults:1)
  2 ettin simulacra
  5 black bears
  2 swamp dragon zombies (Swamp:4)
  10 ogres
  A wolf (shapeshifter) (D:15)
  11 centaurs
  An ogre (shapeshifter) (D:12)
  14 wolves
  A phantom (D:11)
  A draconian zombie (Crypt:1)
  3 kobold brigands
  A komodo dragon zombie (Crypt:1)
  7 bullfrogs
  A vine stalker zombie (Crypt:3)
  7 earth elementals
  A gnoll sergeant (D:8)
  2 human simulacra
  5 necrophages
  10 scorpions
  15 wights
  2 troll zombies
  4 killer bees (D:10)
  A vampire bat (D:4)
  An electric eel (Elf:3)
  7 howler monkeys
  2 crimson imps
  6 jellies
  A wolf skeleton (Crypt:3)
  33 orc priests
  2 gnoll boudas
  6 hounds
  An iron imp (Abyss:3)
  Natasha (twice) (D:1)
  2 iguanas
  A sleepcap (D:6)
  24 orc wizards
  14 hell rats (Hell)
  6 ogre zombies (D:11)
  6 mummies
  18 gnolls
  A steam dragon zombie (Crypt:2)
  7 adders
  A steam dragon skeleton (Crypt:2)
  A white imp (Abyss:1)
  An ufetubus (D:7)
  A worm (shapeshifter) (Vaults:5)
  5 worms
  3 dart slugs
  3 fire bats (D:4)
  97 orcs
  2 spectral bats (D:4)
  7 ball pythons
  13 bats
  3 bat skeletons (D:4)
  A bat zombie (D:4)
  6 endoplasms (D:1)
  A giant cockroach (D:3)
  5 goblins
  7 hobgoblins
  7 jackals
  24 kobolds
  4 quokkas
  A bat simulacrum (D:4)
  An endoplasm zombie (Crypt:2)
  4 frilled lizards
  3 goblin skeletons (D:11)
  3 goblin zombies (D:11)
  A hobgoblin skeleton (D:11)
  5 hobgoblin zombies (D:11)
  A jackal skeleton (Crypt:1)
  A kobold zombie (Crypt:3)
  5 orc skeletons
  9 orc zombies (D:11)
  7 rats
  4 ball lightnings (Pan)
  22 briar patches
  5 starspawn tentacles
3679 creatures vanquished.

Vanquished Creatures (others)
  An ancient lich (Zot:5)
  2 Killer Klowns (Zot:5)
  A quicksilver dragon (Zig:3)
  A shadow dragon (Zot:2)
  A draconian knight (Zot:2)
  A frost giant (Depths:2)
  A deep elf elementalist (Zig:8)
  A demonspawn blood saint (Pan)
  A draconian stormcaller (Zig:10)
  A deep elf demonologist (Elf:3)
  A shambling mangrove (Zig:18)
  A death drake (Zig:18)
  A deep elf zephyrmancer (Elf:2)
  A water nymph (Zig:14)
  A guardian serpent (Zig:7)
  An ice devil (D:7)
  A red devil (Pan)
  3 bloated husks
  A hellwing (Pan)
  2 air elementals (Elf:1)
  A jumping spider (Spider:2)
  A water elemental (Zig:11)
  A human (Crypt:1)
  A ynoxinul (Pan)
  4 chaos spawn
  A vampire mosquito (Swamp:1)
  A naga (Zig:7)
  A swamp drake (Zig:18)
  A centaur (D:14)
  A gnoll (Orc:2)
  A shadow imp (D:7)
  14 ball lightnings (Pan)
  12 briar patches
  A bush (D:1)
  22 foxfires
  18 fungi
  4 pillars of salt
  67 plants
  24 starspawn tentacles
  5 toadstools (Lair:2)
205 creatures vanquished.

Grand Total: 3884 creatures vanquished

Notes
Turn   | Place    | Note
-------+----------+-------------------------------------------
     0 | D:1      | morax the Gargoyle Fighter began the quest for the Orb.
     0 | D:1      | Reached XP level 1. HP: 14/14 MP: 1/1
   107 | D:1      | Reached XP level 2. HP: 19/19 MP: 2/2
   284 | D:1      | Reached XP level 3. HP: 15/23 MP: 3/3
  1150 | D:2      | Noticed Natasha
  1178 | D:1      | Killed Natasha
  1179 | D:1      | Reached XP level 4. HP: 21/28 MP: 4/4
  2189 | D:3      | Found Osout's Antique Weapon Shop.
  2698 | D:3      | Reached skill level 5 in Maces & Flails
  2754 | D:3      | Found a glowing silver altar of Zin.
  2783 | D:3      | Reached XP level 5. HP: 32/32 MP: 5/5
  3504 | D:4      | Reached XP level 6. HP: 37/37 MP: 6/6
  3569 | D:4      | Reached skill level 1 in Dodging
  3779 | D:4      | Found a snail-covered altar of Cheibriados.
  4200 | D:4      | Reached XP level 7. HP: 41/43 MP: 7/7
  4357 | D:5      | Entered Level 5 of the Dungeon
  4357 | D:5      | Found Ecveot's Jewellery Emporium.
  5006 | D:6      | Reached XP level 8. HP: 41/48 MP: 8/8
  5759 | D:6      | Found a staircase to the Ecumenical Temple.
  5774 | Temple   | Entered the Ecumenical Temple
  5923 | Temple   | Became a worshipper of Warmaster Okawaru
  5959 | Temple   | Reached skill level 5 in Fighting
  5959 | Temple   | Reached skill level 5 in Armour
  5959 | Temple   | Reached skill level 5 in Shields
  6622 | D:5      | Bought a ring of resist corrosion for 300 gold pieces
  6625 | D:5      | Noticed a moth of wrath
  6674 | D:5      | Found a sparkling altar of Nemelex Xobeh.
  6967 | D:5      | Reached skill level 1 in Invocations
  7160 | D:6      | Reached * piety under Okawaru
  7161 | D:6      | Reached XP level 9. HP: 54/54 MP: 10/10
  7817 | D:7      | Reached ** piety under Okawaru
  8748 | D:8      | Reached XP level 10. HP: 42/61 MP: 9/12
  8803 | D:8      | Found an opulent altar of Gozag.
  9004 | D:8      | Found a stormy altar of Qazlal.
  9161 | D:8      | Reached *** piety under Okawaru
  9244 | D:8      | Noticed Psyche
  9249 | D:8      | Killed Psyche
  9282 | D:8      | Noticed Joseph
  9299 | D:8      | Killed Joseph
  9498 | D:8      | Reached skill level 5 in Invocations
 10042 | D:8      | Reached **** piety under Okawaru
 10043 | D:8      | Reached skill level 10 in Maces & Flails
 10351 | D:8      | Found a runed translucent door.
 10352 | D:8      | Noticed sleepylion's ghost (novice TrBe)
 10683 | D:8      | Found a shimmering altar of Xom.
 10701 | D:8      | Found a burning altar of Makhleb.
 10800 | D:9      | Noticed a two-headed ogre
 10812 | D:9      | Killed a two-headed ogre
 10813 | D:9      | Reached XP level 11. HP: 68/68 MP: 12/15
 10873 | D:9      | Noticed Harold
 11046 | D:9      | Killed Harold
 11046 | D:9      | Received a gift from Okawaru
 11167 | D:9      | Found a staircase to the Lair.
 11251 | D:10     | Entered Level 10 of the Dungeon
 11273 | D:10     | Reached ***** piety under Okawaru
 11409 | D:10     | Identified the +1 cloak of the Hot Ocelot {+Blink rF+ rC+
                  | Stlth+}
 11583 | D:10     | Identified the +5 ring mail of the Trombone {+Blink rElec}
 11741 | D:10     | Noticed a two-headed ogre
 11750 | D:10     | Killed a two-headed ogre
 11821 | D:11     | Reached skill level 1 in Evocations
 11841 | D:11     | Noticed Maurice
 11856 | D:11     | Killed Maurice
 11946 | D:11     | Identified the +5 robe of the Desert {Will+} (Okawaru
                  | gifted it to you on level 11 of the Dungeon)
 11946 | D:11     | Received a gift from Okawaru
 12015 | D:11     | Noticed a sun demon
 12024 | D:11     | Noticed a two-headed ogre
 12052 | D:11     | Killed a two-headed ogre
 12133 | D:11     | Noticed a cyclops
 12134 | D:11     | Found a staircase to the Orcish Mines.
 12181 | D:11     | Killed a cyclops
 12182 | D:11     | Reached XP level 12. HP: 74/75 MP: 17/17
 12352 | D:11     | Noticed Urug
 12399 | D:11     | Killed Urug
 13004 | Lair:1   | Entered Level 1 of the Lair of Beasts
 13041 | Lair:1   | Noticed Prince Ribbit
 13062 | Lair:1   | Killed Prince Ribbit
 13364 | Lair:1   | Noticed a catoblepas
 13375 | Lair:1   | Killed a catoblepas
 13375 | Lair:1   | Identified the +5 demon blade of Smoking Terror {drain,
                  | Str+4} (Okawaru gifted it to you on level 1 of the Lair of
                  | Beasts)
 13375 | Lair:1   | Received a gift from Okawaru
 14079 | Lair:2   | Reached XP level 13. HP: 79/81 MP: 19/19
 14133 | Lair:2   | Found a hole to the Spider Nest.
 14317 | Lair:2   | Received a gift from Okawaru
 14411 | Lair:2   | Found a runed translucent door.
 14521 | Lair:2   | Reached skill level 10 in Shields
 14530 | Lair:2   | Reached skill level 10 in Fighting
 14672 | Lair:2   | Reached skill level 10 in Armour
 15258 | Lair:3   | Found a staircase to the Swamp.
 15282 | Spider:1 | Entered Level 1 of the Spider Nest
 15282 | Spider:1 | Noticed a broodmother
 16072 | Lair:4   | Found a gate leading to a gauntlet.
 16081 | Gauntlet | Entered a Gauntlet
 16081 | Gauntlet | Found a transporter.
 16091 | Gauntlet | Found a transporter.
 16102 | Gauntlet | Found a transporter.
 16105 | Gauntlet | Found a transporter.
 16110 | Gauntlet | Found a runed translucent door.
 16111 | Gauntlet | Noticed a great orb of eyes
 16112 | Gauntlet | Found a runed translucent door.
 16115 | Gauntlet | Found a transporter.
 16131 | Gauntlet | Found a transporter.
 16142 | Gauntlet | Found a transporter.
 16155 | Gauntlet | Found a transporter.
 16160 | Gauntlet | Found a transporter.
 16175 | Gauntlet | Found a transporter.
 16187 | Gauntlet | Found a runed translucent gate.
 16188 | Gauntlet | Found a runed translucent gate.
 16188 | Gauntlet | Found a transporter.
 16188 | Gauntlet | Found a transporter.
 16189 | Gauntlet | Found a runed translucent gate.
 16241 | Gauntlet | Found a transporter.
 16255 | Gauntlet | Found a transporter.
 16390 | Gauntlet | Reached skill level 5 in Evocations
 16434 | Gauntlet | Identified the +2 pair of boots "Qej Facw" {MP+9 SInv}
 16513 | Gauntlet | Identified the staff of earth "Kushaucs" {rElec rC+}
 16513 | Gauntlet | Noticed a minotaur
 16525 | Gauntlet | Killed a minotaur
 16575 | Gauntlet | Identified the +2 ring mail of Ru's Supremacy {rPois}
 16751 | Lair:4   | Found a hide-covered altar of Uskayaw.
 16861 | Lair:4   | Found an ornate altar of the Wu Jian Council.
 17509 | Lair:5   | Entered Level 5 of the Lair of Beasts
 17630 | Lair:5   | Received a gift from Okawaru
 17670 | Lair:5   | Gained mutation: Your large and strong wings let you fly.
                  | [Gargoyle growth]
 17670 | Lair:5   | Reached XP level 14. HP: 82/88 MP: 21/21
 17682 | Lair:5   | Found a viscous altar of Jiyva.
 17682 | Lair:5   | Found a staircase to the Slime Pits.
 18711 | Lair:5   | Received a gift from Okawaru
 18711 | Lair:5   | Found the +2 cloak of the Thief {*Fog Slay-2 SInv Stlth+}
 19000 | Lair:5   | Reached skill level 10 in Invocations
 19490 | D:12     | Identified the +1 cloak "Ikuaklak" {-Tele rPois Int+6
                  | Dex+3}
 19509 | D:12     | Noticed a frost giant
 19883 | D:12     | Killed a frost giant
 19995 | D:12     | Identified the +7 hand axe of Umuecvek {speed, +Blink Will+
                  | Stlth+}
 20077 | D:12     | Reached skill level 15 in Maces & Flails
 20593 | D:13     | Reached XP level 15. HP: 95/95 MP: 22/22
 21382 | D:13     | Identified the +13 crystal plate armour of the Unseen Realm
                  | {Regen+ Dex+2} (Okawaru gifted it to you on level 13 of the
                  | Dungeon)
 21382 | D:13     | Received a gift from Okawaru
 21512 | D:14     | Noticed Nessos
 21521 | D:14     | Killed Nessos
 21590 | D:13     | Reached ****** piety under Okawaru
 22144 | D:14     | Noticed a storm dragon
 22163 | D:14     | Killed a storm dragon
 22290 | D:14     | Found Ybuumino's Jewellery Boutique.
 22386 | D:14     | Identified the +5 falchion "Fumoteih" {protect, Int+2 Dex-2
                  | Stlth+}
 22494 | D:14     | Identified the +1 plate armour of the Arena {rF- rC+ Str+3}
                  | (Okawaru gifted it to you on level 14 of the Dungeon)
 22494 | D:14     | Received a gift from Okawaru
 22561 | D:14     | Found a gate to the Vaults.
 22730 | D:15     | Entered Level 15 of the Dungeon
 22859 | D:15     | Found a staircase to the Depths.
 23268 | D:15     | Reached XP level 16. HP: 103/103 MP: 23/23
 23726 | Orc:1    | Entered Level 1 of the Orcish Mines
 23845 | Orc:2    | Entered Level 2 of the Orcish Mines
 23845 | Orc:2    | Noticed Donald
 23861 | Orc:2    | Killed Donald
 24093 | Orc:2    | Found a staircase to the Elven Halls.
 24120 | Orc:2    | Found Goenyga's Jewellery Boutique.
 24263 | D:14     | Bought the amulet of Vitality {RegenMP++ Regen++} for 1500
                  | gold pieces
 24263 | D:14     | Found the amulet of Vitality {RegenMP++ Regen++}
 24693 | Orc:2    | Found Xifrox's Jewellery Shop.
 24884 | Orc:2    | Reached skill level 5 in Dodging
 24908 | Orc:2    | Found Ledut's Weapon Emporium.
 25189 | Orc:2    | Found Feplylor's General Store.
 25191 | Orc:2    | Found Heclipn's Magic Scroll Emporium.
 25539 | Orc:2    | Bought a scroll of fear for 48 gold pieces
 25541 | Orc:2    | Bought 2 scrolls of fear for 96 gold pieces
 25541 | Orc:2    | Bought a scroll of teleportation for 36 gold pieces
 25541 | Orc:2    | Bought a scroll of teleportation for 36 gold pieces
 25541 | Orc:2    | Bought a scroll of teleportation for 36 gold pieces
 25541 | Orc:2    | Bought a scroll of brand weapon for 114 gold pieces
 26056 | Orc:2    | Identified the +4 pair of gloves of the Prince of Darkness
                  | {rC- rN+ Int+2} (Okawaru gifted it to you on level 2 of the
                  | Orcish Mines)
 26056 | Orc:2    | Received a gift from Okawaru
 26168 | Orc:2    | Found Riecwul's Jewellery Shop.
 26168 | Orc:2    | Found Beangech's Antique Armour Boutique.
 26169 | Orc:2    | Found a one-way gate leading to the halls of Pandemonium.
 26173 | Orc:2    | Bought a glowing helmet for 180 gold pieces
 26237 | Orc:2    | Found Yliurhuc's Antique Weapon Boutique.
 26918 | Swamp:1  | Entered Level 1 of the Swamp
 27068 | Swamp:1  | Noticed a thorn hunter
 27072 | Swamp:1  | Killed a thorn hunter
 27576 | Swamp:2  | Noticed a tentacled monstrosity
 27635 | Swamp:2  | You are sucked into a shaft and drop 1 floor!
 27665 | Swamp:3  | Noticed a thorn hunter
 27829 | Swamp:2  | Killed a tentacled monstrosity
 28090 | Swamp:3  | Noticed a fenstrider witch
 28097 | Swamp:2  | Paralysed by a fenstrider witch for 5 turns
 28247 | Swamp:2  | Killed a fenstrider witch
 28922 | Swamp:3  | Reached XP level 17. HP: 103/109 MP: 24/24
 29584 | Swamp:4  | Entered Level 4 of the Swamp
 31091 | Swamp:4  | Found a basalt altar of Yredelemnul.
 31326 | Swamp:4  | Found a blossoming altar of Fedhas.
 31444 | Swamp:4  | Received a gift from Okawaru
 31598 | Swamp:4  | Got a decaying rune of Zot
 31896 | Spider:1 | Got the Tome of the Geometric Oath
 33164 | Spider:1 | Reached XP level 18. HP: 104/116 MP: 25/25
 33995 | Spider:2 | Identified the +0 ring mail "Nofrum" {rN+ rCorr Slay+2}
 34066 | Spider:2 | Identified the +8 war axe "Deregg" {heavy, *Noise Will+
                  | Int+4 Dex+3} (Okawaru gifted it to you on level 2 of the
                  | Spider Nest)
 34066 | Spider:2 | Received a gift from Okawaru
 34184 | Spider:2 | Gained mutation: You occasionally lose the ability to drink
                  | potions when taking damage. [mutagenic glow]
 34237 | Spider:2 | Lost mutation: You occasionally lose the ability to drink
                  | potions when taking damage. [potion of mutation]
 34237 | Spider:2 | Gained mutation: Your muscles are strong. (Str +4, Int/Dex
                  | -1) [potion of mutation]
 34237 | Spider:2 | Gained mutation: You are occasionally teleported next to
                  | monsters. [potion of mutation]
 34237 | Spider:2 | Gained mutation: You are dopey. (Int -2) [potion of
                  | mutation]
 34237 | Spider:2 | Gained mutation: You are partially covered in iridescent
                  | scales. (AC +2) [potion of mutation]
 34471 | Orc:2    | Bought a potion of mutation for 96 gold pieces
 34471 | Orc:2    | Bought a potion of mutation for 96 gold pieces
 34471 | Orc:2    | Lost mutation: You are dopey. (Int -2) [potion of mutation]
 34471 | Orc:2    | Lost mutation: Your muscles are strong. (Str +4, Int/Dex
                  | -1) [potion of mutation]
 34471 | Orc:2    | Lost mutation: You are occasionally teleported next to
                  | monsters. [potion of mutation]
 34471 | Orc:2    | Gained mutation: You sometimes lose your temper in combat.
                  | [potion of mutation]
 34471 | Orc:2    | Gained mutation: You passively dampen the noise of your
                  | surroundings. [potion of mutation]
 34471 | Orc:2    | Gained mutation: You are somewhat resistant to further
                  | mutation. [potion of mutation]
 34472 | Orc:2    | Lost mutation: You passively dampen the noise of your
                  | surroundings. [potion of mutation]
 34472 | Orc:2    | Lost mutation: You sometimes lose your temper in combat.
                  | [potion of mutation]
 34472 | Orc:2    | Gained mutation: You are partially covered in large bone
                  | plates. (SH +4) [potion of mutation]
 35453 | Spider:3 | Reached skill level 10 in Evocations
 35595 | Spider:3 | Identified the +5 falchion of the Eternal Void {vamp, rPois
                  | rC+ rN+ Str+2}
 35806 | Spider:4 | Entered Level 4 of the Spider Nest
 35955 | Spider:4 | Received a gift from Okawaru
 37608 | Spider:4 | Identified the +8 spear of Plague {vamp, rPois} (Okawaru
                  | gifted it to you on level 4 of the Spider Nest)
 37608 | Spider:4 | Received a gift from Okawaru
 38500 | Spider:4 | Reached XP level 19. HP: 122/122 MP: 27/27
 39148 | Spider:4 | Got a gossamer rune of Zot
 39504 | Vaults:1 | Entered Level 1 of the Vaults
 40139 | Vaults:1 | Received a gift from Okawaru
 40693 | Vaults:1 | Reached skill level 10 in Dodging
 41079 | Vaults:1 | Noticed Saint Roka
 41128 | Vaults:1 | Killed Saint Roka
 41128 | Vaults:1 | Received a gift from Okawaru
 41134 | Vaults:1 | Reached skill level 15 in Fighting
 41471 | Vaults:1 | Noticed Aizul
 41486 | Vaults:1 | Killed Aizul
 42349 | Vaults:2 | Identified the +1 pair of gloves of Yloapp {rElec rCorr
                  | Dex-3 Slay+3}
 42942 | Vaults:2 | Reached skill level 15 in Armour
 42942 | Vaults:2 | Reached skill level 15 in Shields
 42969 | Vaults:2 | Received a gift from Okawaru
 43510 | Vaults:2 | Identified the +10 ring mail of the Game Afoot {Int+5}
                  | (Okawaru gifted it to you on level 2 of the Vaults)
 43510 | Vaults:2 | Received a gift from Okawaru
 43665 | Vaults:2 | Reached XP level 20. HP: 130/130 MP: 29/29
 45264 | Vaults:3 | Found Fune's Weapon Shop.
 45592 | Vaults:3 | Found a staircase to the Crypt.
 46014 | D:5      | Bought the ring of the Hare {EV+10} for 1920 gold pieces
 46014 | D:5      | Found the ring of the Hare {EV+10}
 46533 | Vaults:3 | Received a gift from Okawaru
 46544 | Vaults:3 | Got the Teachings on Friendly Fumes
 46864 | Vaults:4 | Received a gift from Okawaru
 47861 | Vaults:4 | Reached XP level 21. HP: 139/139 MP: 30/30
 47987 | Vaults:4 | Received a gift from Okawaru
 48573 | Vaults:5 | Entered Level 5 of the Vaults
 48752 | Vaults:5 | Paralysed by a floating eye for 3 turns
 48921 | Vaults:4 | Received a gift from Okawaru
 48921 | Vaults:4 | Found the +5 demon whip "Spellbinder" {antimagic, disrupt,
                  | Will+}
 49154 | Vaults:5 | Identified the +7 great mace "Guov" {protect, Fly rN+
                  | Will++ Dex-4}
 49494 | Vaults:5 | Noticed an ancient lich
 49532 | Vaults:5 | Killed an ancient lich
 49578 | Vaults:5 | Received a gift from Okawaru
 49822 | Vaults:5 | Reached XP level 22. HP: 140/141 MP: 27/31
 50038 | Vaults:5 | Noticed a golden dragon
 50046 | Vaults:5 | Killed a golden dragon
 50181 | Vaults:5 | Noticed a golden dragon
 50191 | Vaults:5 | Killed a golden dragon
 50744 | Vaults:5 | Noticed a dread lich
 50744 | Vaults:5 | Identified the +0 robe of the Blind Marksman {Harm
                  | Archmagi}
 51026 | Vaults:5 | Killed a dread lich
 51026 | Vaults:5 | Received a gift from Okawaru
 51194 | Vaults:5 | Got the Disquisition on Energetic Anathema
 51327 | Vaults:5 | Got a silver rune of Zot
 51572 | Depths:1 | Entered Level 1 of the Depths
 51605 | Depths:1 | Received a gift from Okawaru
 51749 | Elf:1    | Entered Level 1 of the Elven Halls
 52775 | Elf:2    | Paralysed by an air elemental for 1 turns
 52985 | Elf:2    | Identified the +9 quarterstaff "Qiokid" {spect, rF- rC+
                  | Stlth+} (Okawaru gifted it to you on level 2 of the Elven
                  | Halls)
 52985 | Elf:2    | Received a gift from Okawaru
 52994 | Elf:2    | Found a huge runed translucent gate.
 52994 | Elf:2    | Found a huge runed translucent gate.
 52994 | Elf:2    | Found a huge runed translucent gate.
 52994 | Elf:2    | Found a huge runed translucent gate.
 52998 | Elf:2    | Found a huge runed translucent gate.
 53147 | Elf:2    | Noticed Agnes
 53165 | Elf:2    | Killed Agnes
 53384 | Elf:2    | Reached XP level 23. HP: 150/156 MP: 13/32
 53582 | Elf:3    | Entered Level 3 of the Elven Halls
 53716 | Elf:3    | Found Xavuy's Assorted Antiques.
 53719 | Elf:3    | Found Miugi Pewiz's Antique Armour Shop.
 53719 | Elf:3    | Found Bejai's Book Boutique.
 53731 | Elf:3    | Found Pengiurph's Jewellery Shop.
 53747 | Elf:3    | Identified the +3 mace "Zurycvit" {holy, rElec Will- Dex+8}
 53757 | Elf:3    | Bought a fading helmet for 361 gold pieces
 53757 | Elf:3    | Identified the +0 helmet of the Guilds {Regen+ Str+7} (You
                  | bought it in a shop on level 3 of the Elven Halls)
 53773 | Elf:3    | Bought a potion of curing for 75 gold pieces
 53773 | Elf:3    | Bought a scroll of enchant armour for 187 gold pieces
 53790 | Elf:3    | Found Gatossy's Assorted Antiques.
 53802 | Elf:3    | Bought a scroll of teleportation for 123 gold pieces
 53802 | Elf:3    | Bought a potion of curing for 123 gold pieces
 54884 | Elf:3    | Received a gift from Okawaru
 55039 | Elf:3    | Identified the +0 scimitar of Ignis's Castigation {heavy,
                  | Str+5 Int-4}
 55039 | Elf:3    | Identified the ring of Anik {rElec rN++ Dex+6 Slay+3}
 55335 | Elf:3    | Identified the ring "Xaiv Yna" {Fire rElec SInv}
 55342 | Elf:3    | Identified the amulet of the Trout {rElec Regen+ rCorr}
 55347 | Elf:3    | Paralysed by an air elemental for 1 turns
 55357 | Elf:3    | Identified the amulet of Udghe {RegenMP rElec Slay+2 SInv}
 55516 | Elf:3    | Got the Guidebook on Disjunct Congelation
 55540 | Elf:3    | Identified the +6 arbalest "Appigh" {freeze, rPois}
 56333 | Depths:1 | Noticed a caustic shrike
 56359 | Depths:1 | Killed a caustic shrike
 56673 | Depths:1 | Found a sparkling altar of Nemelex Xobeh.
 56724 | Depths:1 | You are sucked into a shaft and drop 1 floor!
 56738 | Depths:2 | Identified the scarf of Qiucs {+Inv, +Inv} (Okawaru gifted
                  | it to you on level 2 of the Depths)
 56738 | Depths:2 | Received a gift from Okawaru
 57045 | Depths:1 | Found a one-way gate to the infinite horrors of the Abyss.
 57099 | Depths:1 | Found a gateway to Hell.
 57942 | Depths:2 | Found a portal to a secret trove of treasure.
 58302 | Depths:2 | Found a snail-covered altar of Cheibriados.
 58680 | Depths:2 | Reached XP level 24. HP: 159/164 MP: 13/32
 58828 | Depths:3 | Noticed Grunn
 59168 | Depths:3 | Killed Grunn
 59246 | Depths:3 | Found a one-way gateway to a ziggurat.
 59301 | Depths:3 | Gained mutation: You are vulnerable to heat. (rF-) [a
                  | shining eye]
 59307 | Depths:3 | Lost mutation: You are somewhat resistant to further
                  | mutation. [potion of mutation]
 59307 | Depths:3 | Lost mutation: You are partially covered in iridescent
                  | scales. (AC +2) [potion of mutation]
 59307 | Depths:3 | Lost mutation: You are vulnerable to heat. (rF-) [potion of
                  | mutation]
 59307 | Depths:3 | Gained mutation: Your muscles are strong. (Str +4, Int/Dex
                  | -1) [potion of mutation]
 59307 | Depths:3 | Gained mutation: Your spells are a little harder to cast,
                  | but a little more powerful. [potion of mutation]
 59387 | Depths:3 | Identified the +3 scale mail of Generosity {Rampage Str+2
                  | Dex+4} (Okawaru gifted it to you on level 3 of the Depths)
 59387 | Depths:3 | Received a gift from Okawaru
 60337 | Depths:4 | Entered Level 4 of the Depths
 60642 | Depths:4 | Noticed Sojobo
 60655 | Depths:4 | Paralysed by an air elemental for 1 turns
 60660 | Depths:4 | Killed Sojobo
 60927 | Depths:4 | Received a gift from Okawaru
 61716 | Depths:4 | Noticed Boris
 61761 | Depths:4 | Killed Boris
 61787 | Depths:4 | Found a gate to the Realm of Zot.
 61804 | Zot:1    | Entered Level 1 of the Realm of Zot
 61804 | Zot:1    | Noticed an orb of fire
 61873 | Depths:4 | Killed an orb of fire
 61874 | Depths:4 | Reached XP level 25. HP: 158/172 MP: 13/32
 62656 | Zot:1    | Reached skill level 1 in Long Blades
 62793 | Zot:1    | Received a gift from Okawaru
 62939 | Zot:1    | Identified the ring of the Turtle {Ice Str+2 Int+4}
 62939 | Zot:1    | Noticed Josephina
 62965 | Zot:1    | Killed Josephina
 62966 | Zot:1    | Reached skill level 5 in Long Blades
 63611 | Elf:3    | Bought the dreamshard necklace {*Dream Drain} for 2600 gold
                  | pieces
 63611 | Elf:3    | Found the dreamshard necklace {*Dream Drain}
 64631 | Zot:2    | Received a gift from Okawaru
 65219 | Zot:2    | Received a gift from Okawaru
 65219 | Zot:2    | Found the +15 Maxwell's patent armour {-Cast -Tele rElec
                  | Will+ rCorr}
 65288 | Zot:2    | Noticed Vv
 65315 | Zot:2    | Killed Vv
 65466 | Zot:3    | Noticed an orb of fire
 65488 | Zot:3    | Killed an orb of fire
 65489 | Zot:3    | Reached skill level 10 in Long Blades
 65803 | Zot:3    | Noticed an orb of fire
 65817 | Zot:3    | Killed an orb of fire
 66101 | Zot:3    | Reached XP level 26. HP: 179/179 MP: 13/32
 66378 | Zot:3    | Found a transporter.
 66382 | Zot:3    | Found a transporter.
 66428 | Zot:3    | Identified a scroll of acquirement
 66430 | Zot:3    | Found a transporter.
 66438 | Zot:3    | Acquired a manual of Earth Magic
 66528 | Zot:3    | Found a transporter.
 67235 | Zot:4    | Identified the -2 kite shield of the Heron {rElec rCorr
                  | MP+9 Int-5} (Okawaru gifted it to you on level 4 of the
                  | Realm of Zot)
 67235 | Zot:4    | Received a gift from Okawaru
 67483 | Zot:4    | Identified the +0 plate armour of the Bespelled God {rElec
                  | rF+}
 67792 | Zot:4    | Gained mutation: You are frail. (-10% HP) [mutagenic glow]
 67809 | Zot:4    | Gained mutation: You expend magic power (3 MP) to
                  | strengthen your wands. [mutagenic glow]
 67828 | Zot:4    | Gained mutation: You occasionally shout uncontrollably at
                  | your foes. [mutagenic glow]
 67834 | Zot:4    | Lost mutation: You expend magic power (3 MP) to strengthen
                  | your wands. [potion of mutation]
 67834 | Zot:4    | Lost mutation: You are frail. (-10% HP) [potion of
                  | mutation]
 67834 | Zot:4    | Lost mutation: Your muscles are strong. (Str +4, Int/Dex
                  | -1) [potion of mutation]
 67834 | Zot:4    | Gained mutation: You are frail. (-10% HP) [potion of
                  | mutation]
 67835 | Zot:4    | Lost mutation: You are frail. (-10% HP) [potion of
                  | mutation]
 67835 | Zot:4    | Lost mutation: Your spells are a little harder to cast, but
                  | a little more powerful. [potion of mutation]
 67835 | Zot:4    | Lost mutation: You are partially covered in large bone
                  | plates. (SH +4) [potion of mutation]
 67835 | Zot:4    | Gained mutation: Your flesh is cold resistant. (rC+)
                  | [potion of mutation]
 67835 | Zot:4    | Gained mutation: You are strong-willed. (Will+) [potion of
                  | mutation]
 67835 | Zot:4    | Gained mutation: You occasionally lose the ability to drink
                  | potions when taking damage. [potion of mutation]
 67835 | Zot:4    | Gained mutation: You have hidden genetic potential. [potion
                  | of mutation]
 69522 | Zot:5    | Entered Level 5 of the Realm of Zot
 71565 | Zot:5    | Reached skill level 15 in Long Blades
 72360 | Zot:5    | Noticed a Killer Klown
 72379 | Zot:5    | Killed a Killer Klown
 72382 | Zot:5    | Noticed a dread lich
 72387 | Zot:5    | Noticed a dread lich
 72428 | Zot:5    | Killed a dread lich
 72493 | Zot:5    | Killed a dread lich
 72774 | Zot:5    | Noticed a Killer Klown
 72795 | Zot:5    | Killed a Killer Klown
 72962 | Zot:5    | Identified the +2 pair of boots of Calculation {Str+2}
                  | (Okawaru gifted it to you on level 5 of the Realm of Zot)
 72962 | Zot:5    | Received a gift from Okawaru
 72978 | Zot:5    | Noticed a Killer Klown
 73014 | Zot:5    | Killed a Killer Klown
 73048 | Zot:5    | Noticed a Killer Klown
 73057 | Zot:5    | Noticed a dread lich
 73453 | Zot:5    | Killed a Killer Klown
 73455 | Zot:5    | Noticed a Killer Klown
 73480 | Zot:5    | Killed a Killer Klown
 73652 | Zot:5    | Noticed an orb of fire
 73685 | Zot:5    | Killed an orb of fire
 73749 | Zot:5    | Reached XP level 27. HP: 184/184 MP: 13/32
 74695 | Zot:5    | Noticed an ancient lich
 74714 | Zot:5    | Killed an ancient lich
 74917 | Zot:5    | Noticed an orb of fire
 74921 | Zot:5    | Gained mutation: Your spells are a little easier to cast,
                  | but a little less powerful. [an orb of fire]
 74947 | Zot:5    | Killed an orb of fire
 75002 | Zot:4    | Lost mutation: Your flesh is cold resistant. (rC+) [potion
                  | of mutation]
 75002 | Zot:4    | Lost mutation: You have hidden genetic potential. [potion
                  | of mutation]
 75002 | Zot:4    | Lost mutation: Your spells are a little easier to cast, but
                  | a little less powerful. [potion of mutation]
 75002 | Zot:4    | Gained mutation: You occasionally lose the ability to read
                  | scrolls when taking damage. [potion of mutation]
 75002 | Zot:4    | Gained mutation: You sometimes lose the ability to drink
                  | potions when taking damage. [potion of mutation]
 75003 | Zot:4    | Lost mutation: You are strong-willed. (Will+) [potion of
                  | mutation]
 75003 | Zot:4    | Lost mutation: You occasionally shout uncontrollably at
                  | your foes. [potion of mutation]
 75003 | Zot:4    | Gained mutation: You have an increased reservoir of magic.
                  | (+10% MP) [potion of mutation]
 75096 | Zot:5    | Killed a dread lich
 75110 | Zot:5    | Noticed an orb of fire
 75111 | Zot:5    | Noticed an orb of fire
 75153 | Zot:5    | Killed an orb of fire
 75172 | Zot:5    | Killed an orb of fire
 75279 | Zot:5    | Noticed an ancient lich
 75291 | Zot:5    | Killed an ancient lich
 76438 | Temple   | Fell from the grace of Okawaru
 76438 | Temple   | Became a worshipper of the Shining One
 76668 | Crypt:1  | Entered Level 1 of the Crypt
 76717 | Crypt:1  | Reached * piety under the Shining One
 76748 | Crypt:1  | Reached ** piety under the Shining One
 76902 | Crypt:1  | Reached *** piety under the Shining One
 77223 | Crypt:1  | Reached **** piety under the Shining One
 77405 | Crypt:1  | Noticed a royal mummy
 77405 | Crypt:1  | Noticed Khufu
 77408 | Crypt:1  | Noticed a royal mummy
 77428 | Crypt:1  | Killed a royal mummy
 77435 | Crypt:1  | Killed Khufu
 77454 | Crypt:1  | Killed a royal mummy
 77627 | Crypt:1  | You are sucked into a shaft and drop 1 floor!
 77804 | Crypt:1  | Found a runed door.
 77821 | Crypt:1  | Reached ***** piety under the Shining One
 77892 | Crypt:1  | Noticed a dread lich
 77893 | Crypt:1  | Noticed an ancient lich
 77903 | Crypt:1  | Killed a dread lich
 77914 | Crypt:1  | Killed an ancient lich
 77919 | Crypt:1  | Found the +1 robe of Vines {NoPotionHeal Regen++++}
 77931 | Crypt:1  | Identified the ring of Suag {Str+3 Int+6 Dex+3 Slay+3}
 77936 | Crypt:1  | Identified the +2 pair of gloves "Hyativoeq" {Dex+5}
 78050 | Crypt:2  | Acquired the +0 pair of fencer's gloves {Riposte Dex+3}
 78050 | Crypt:2  | Found the +0 pair of fencer's gloves {Riposte Dex+3}
 78260 | Crypt:2  | Noticed Margery
 78274 | Crypt:2  | Killed Margery
 78535 | Crypt:2  | Reached ****** piety under the Shining One
 78819 | Crypt:3  | Entered Level 3 of the Crypt
 78912 | Crypt:3  | Identified a +9 eudemon blade of holy wrath (a +9 vampiric
                  | demon blade blessed by the Shining One)
 78912 | Crypt:3  | Received a gift from the Shining One
 79053 | Crypt:3  | Found a staircase to the Tomb.
 79285 | Crypt:3  | Found an ancient bone altar of Kikubaaqudgha.
 79822 | Crypt:3  | Got Cilot Cite's Almanac of Pyromancy and Doom
 79825 | Crypt:3  | Identified the amulet "Itoug" {*Slow rPois Regen+ Dex+6}
 79825 | Crypt:3  | Identified the ring of Vehumet's Castigation {rF+ rC- rN+
                  | Str+2}
 79932 | Tomb:1   | Entered Level 1 of the Tomb of the Ancients
 80309 | Hell     | Entered the Vestibule of Hell
 80309 | Hell     | Noticed Geryon
 80372 | Hell     | Killed Geryon
 80715 | D:3      | Fell from the grace of the Shining One
 80715 | D:3      | Became a worshipper of Zin the Law-Giver
 80715 | D:3      | Reached * piety under Zin
 80715 | D:3      | Reached ** piety under Zin
 80715 | D:3      | Reached *** piety under Zin
 80715 | D:3      | Reached **** piety under Zin
 80715 | D:3      | Reached ***** piety under Zin
 80968 | Depths:1 | Voluntarily entered the Abyss.
 80973 | Abyss:1  | Found a corrupted altar of Lugonu.
 81083 | Abyss:1  | Found a candlelit altar of Ignis.
 81083 | Abyss:1  | Found a candlelit altar of Ignis.
 81083 | Abyss:1  | Found a candlelit altar of Ignis.
 81145 | Abyss:2  | Found a corrupted altar of Lugonu.
 81163 | Abyss:2  | Reached skill level 1 in Earth Magic
 81210 | Abyss:3  | Noticed an ancient lich
 81224 | Abyss:3  | Killed an ancient lich
 81582 | Abyss:3  | Reached ****** piety under Zin
 81599 | Abyss:3  | Got an abyssal rune of Zot
 81623 | Abyss:3  | Reached skill level 5 in Earth Magic
 81637 | Depths:1 | Escaped the Abyss
 81880 | Slime:1  | Entered Level 1 of the Pits of Slime
 82145 | Slime:5  | Entered Level 5 of the Pits of Slime
 82167 | Slime:5  | Was forgiven by Okawaru
 82194 | Slime:5  | Paralysed by a great orb of eyes for 5 turns
 82196 | Slime:5  | Noticed the Royal Jelly
 82210 | Slime:5  | Killed the Royal Jelly
 82456 | Slime:5  | Identified the +2 leather armour "Dauzivvu" {rPois}
 82468 | Slime:5  | Identified the +0 leather armour of the Mantidfly {rF+
                  | Dex+3}
 82488 | Slime:5  | Identified the +1 ring mail of Yxask {Will+ Str-4 Stlth+}
 82495 | Slime:5  | Identified the staff of poison "Orghaunn" {rPois Will+ MP+9
                  | Dex-4 Stlth+}
 82507 | Slime:5  | Identified the ring of Red Wine {rPois rN+}
 82508 | Slime:5  | Identified the +3 scale mail "Abunied" {rF++}
 82530 | Slime:5  | Identified the staff of air "Meokkin" {Drain Fragile +Blink
                  | rElec Dex+8}
 82536 | Slime:5  | Got a slimy rune of Zot
 82601 | Slime:5  | Acquired the ring "Afedagut" {Drain rF+ rC+ rN+}
 83223 | Pan      | Entered Pandemonium
 83399 | Pan      | Noticed Ykhalog the pandemonium lord
 83422 | Pan      | Killed Ykhalog the pandemonium lord
 84291 | Pan      | Identified the +9 spear "Vibrec" {protect, Will+ Str+2}
 84809 | Pan      | Noticed Zaargh the pandemonium lord
 84816 | Pan      | Killed Zaargh the pandemonium lord
 85089 | Pan      | Found a runed translucent door.
 85334 | Pan      | Lost mutation: You sometimes lose the ability to drink
                  | potions when taking damage. [potion of mutation]
 85334 | Pan      | Lost mutation: You occasionally lose the ability to drink
                  | potions when taking damage. [potion of mutation]
 85334 | Pan      | Lost mutation: You have an increased reservoir of magic.
                  | (+10% MP) [potion of mutation]
 85644 | Pan      | Found an exit through the horrors of the Abyss.
 85677 | Pan      | Found a runed translucent door.
 85682 | Pan      | Found a runed translucent door.
 85791 | Pan      | Found a runed translucent door.
 85797 | Pan      | Identified the +6 scimitar "Amuhuutt" {distort, rElec}
 85818 | Pan      | Noticed Yvioh the pandemonium lord
 85832 | Pan      | Killed Yvioh the pandemonium lord
 85895 | Pan      | Took an exit into the Abyss.
 85895 | Abyss:3  | Escaped into the Abyss
 85917 | Orc:2    | Escaped the Abyss
 86126 | Temple   | Fell from the grace of Zin
 86126 | Temple   | Became a worshipper of the Shining One
 86351 | Hell     | Found a gateway to the ashen valley of Gehenna.
 86457 | Hell     | Found a gateway to the decaying netherworld of Tartarus.
 86469 | Hell     | Reached skill level 10 in Earth Magic
 86543 | Hell     | Found a gateway to the freezing wastes of Cocytus.
 86648 | Hell     | Found a gateway to the Iron City of Dis.
 87041 | Pan      | Entered Pandemonium
 87170 | Pan      | Found an exit through the horrors of the Abyss.
 87210 | Pan      | Gained mutation: You are clumsy. (Dex -2) [a cacodemon]
 87287 | Pan      | Noticed Zoipo the pandemonium lord
 87297 | Pan      | Killed Zoipo the pandemonium lord
 88097 | Pan      | Acquired a manual of Ice Magic
 88684 | Pan      | Noticed Dithuuri the pandemonium lord
 88696 | Pan      | Killed Dithuuri the pandemonium lord
 88779 | Pan      | Got a demonic rune of Zot
 89178 | Pan      | Noticed Nutuh the pandemonium lord
 89187 | Pan      | Killed Nutuh the pandemonium lord
 89655 | Pan      | Reached skill level 15 in Invocations
 89748 | Pan      | Gained mutation: You are occasionally teleported next to
                  | monsters. [a neqoxec]
 89778 | Pan      | Reached skill level 1 in Spellcasting
 89803 | Pan      | Gained mutation: You are very clumsy. (Dex -4) [a neqoxec]
 90001 | Pan      | Identified the ring "Nuoff" {rPois Int+4}
 90022 | Pan      | Identified the staff of conjuration "Ukauss" {rN+}
 90059 | Pan      | Gained mutation: You sometimes lose the ability to read
                  | scrolls when taking damage. [a neqoxec]
 90791 | Pan      | Noticed Wuoxax the pandemonium lord
 90797 | Pan      | Killed Wuoxax the pandemonium lord
 90905 | Pan      | Found a basalt altar of Yredelemnul.
 91016 | Pan      | Identified the +1 leather armour of Fedhas {*Corrode rF+
                  | rC+ MP+9}
 91409 | Pan      | Identified the +1 leather armour of Hepliaklqana's Esteem
                  | {Contam Harm +Blink rF++}
 91459 | Pan      | Entered the realm of Lom Lobon.
 91461 | Pan      | Noticed Mennas
 91492 | Pan      | Killed Mennas
 91563 | Pan      | Found an exit through the horrors of the Abyss.
 91767 | Abyss:3  | Cast into level 3 of the Abyss (a wizard)
 91845 | Pan      | Escaped the Abyss
 91984 | Pan      | Identified the staff of air "Acsyaga" {Contam rElec rF++
                  | Int+5}
 92127 | Pan      | Noticed Lom Lobon
 92195 | Pan      | Killed Lom Lobon
 92256 | Pan      | Got a magical rune of Zot
 92425 | Pan      | Reached skill level 5 in Spellcasting
 92691 | Pan      | Took an exit into the Abyss.
 92691 | Abyss:3  | Escaped into the Abyss
 92695 | Orc:2    | Escaped the Abyss
 92940 | Zig:1    | Entered Level 1 of a ziggurat
 92959 | Zig:2    | Entered Level 2 of a ziggurat
 92981 | Zig:2    | Identified the ring of Dualymiyt {rN+ Will+ rCorr MP+9}
 92991 | Zig:3    | Entered Level 3 of a ziggurat
 93019 | Zig:4    | Entered Level 4 of a ziggurat
 93053 | Zig:4    | Identified the staff of earth "Ucsoniha" {+Blink rElec
                  | Str+3}
 93057 | Zig:4    | Identified the +1 leather armour of the Harvest {Fly Int-3
                  | Dex+7}
 93061 | Zig:5    | Entered Level 5 of a ziggurat
 93093 | Zig:5    | Got the Tome of the Frore Tektite
 93095 | Zig:5    | Got Sif Muna's Enchiridion on Shivering Virulence
 93099 | Zig:6    | Entered Level 6 of a ziggurat
 93106 | Zig:6    | Noticed an ancient lich
 93116 | Zig:6    | Killed an ancient lich
 93180 | Zig:6    | Identified the amulet of Geacocoum {Acrobat rF+ Str+5
                  | Dex-4}
 93189 | Zig:7    | Entered Level 7 of a ziggurat
 93253 | Zig:7    | Acquired a manual of Earth Magic
 93254 | Zig:7    | Acquired a manual of Spellcasting
 93261 | Zig:7    | Identified the +1 leather armour "Suedog" {rElec}
 93286 | Zig:8    | Entered Level 8 of a ziggurat
 93429 | Zig:8    | Acquired a manual of Ice Magic
 93455 | Zig:9    | Entered Level 9 of a ziggurat
 93463 | Zig:9    | Noticed Semerhay the pandemonium lord
 93510 | Zig:9    | Killed Semerhay the pandemonium lord
 93512 | Zig:9    | Identified the staff of death "Fomodgh" {Contam rPois rF-
                  | rN+ Dex+5}
 93513 | Zig:9    | Identified the staff of death "Laghoir" {rElec rC+ rN+}
 93543 | Zig:9    | Learned a level 9 spell: Shatter
 93551 | Zig:10   | Entered Level 10 of a ziggurat
 93611 | Zig:10   | Identified the +4 plate armour "Saidgh" {rElec rC++ Str+4
                  | Slay+3}
 93616 | Zig:10   | Identified the staff of fire "Sora" {*Slow Fly rElec rF+}
 93617 | Zig:10   | Identified the +1 short sword "Spider's Curse" {heavy,
                  | +Blink rElec Dex+3}
 93644 | Zig:11   | Entered Level 11 of a ziggurat
 93655 | Zig:11   | Found the +16 obsidian axe {drain, demonic, Mesm Drain Fly
                  | SInv}
 93725 | Zig:12   | Entered Level 12 of a ziggurat
 93800 | Zig:13   | Entered Level 13 of a ziggurat
 93992 | Zig:14   | Entered Level 14 of a ziggurat
 94076 | Zig:14   | Found the +5 scythe "Finisher" {speed, execute}
 94105 | Zig:14   | Got the Secrets of Evolving Intoxication
 94120 | Zig:15   | Entered Level 15 of a ziggurat
 94186 | Zig:15   | Identified the +7 war axe of the Disturbing Beggars {pain,
                  | rF++ Dex+4}
 94192 | Zig:15   | Identified the ring of Larafil {Wiz Dex+3}
 94193 | Zig:15   | Identified the +9 plate armour of Dutevyt {rPois}
 94238 | Zig:16   | Entered Level 16 of a ziggurat
 94257 | Zig:16   | Noticed a dread lich
 94275 | Zig:16   | Paralysed by a dread lich for 3 turns
 94288 | Zig:16   | Reached skill level 10 in Spellcasting
 94293 | Zig:16   | Killed a dread lich
 94319 | Zig:16   | Identified the +0 fire dragon scales of the Loofah {rF++
                  | rC- Dex+3 Slay+3}
 94320 | Zig:16   | Identified the +0 troll leather armour of Perfidy {rPois
                  | Regen+ Str-2 Slay+3 SInv}
 94324 | Zig:16   | Identified the ring of Seytith {rC+ rCorr MP-9 Str+6}
 94330 | Zig:16   | Identified the +8 sling of Tystram {elec, rF+ rN+}
 94338 | Zig:16   | Identified the +6 mace of the Toothy God {flame, rPois rF+
                  | Str+3}
 94345 | Zig:16   | Acquired 1025 gold pieces
 94382 | Zig:17   | Entered Level 17 of a ziggurat
 94610 | Zig:17   | Identified the ring of the Tuna {rF+ rC+ rN+ Will+}
 94618 | Zig:17   | Identified the ring "Ecacvasy" {Wiz +Blink}
 94621 | Zig:17   | Identified the +2 longbow of Contention {antimagic, rF-
                  | Dex+8}
 94626 | Zig:17   | Identified the ring of Vusikowk {Ice Dex+3}
 94628 | Zig:17   | Identified the +3 battleaxe "Ysoilimn" {speed, Str+6}
 94684 | Zig:18   | Entered Level 18 of a ziggurat
 94859 | Zig:18   | Identified the +5 demon trident "Ulompoem" {speed, rF- rN+
                  | Int+2 Dex+2 Stlth+}
 94861 | Zig:18   | Identified the +2 sling of the Invisible Tales {freeze,
                  | *Slow Str+4 Int+3 SInv}
 94866 | Zig:18   | Identified the +0 demon blade of Ybbinwya {drain, rC+
                  | Int+2}
 94876 | Zig:18   | Identified the +4 mace "Umoky" {spect, rCorr}
 94883 | Zig:19   | Entered Level 19 of a ziggurat
 94889 | Zig:19   | Noticed a dread lich
 94889 | Zig:19   | Noticed an ancient lich
 94889 | Zig:19   | Noticed a dread lich
 94890 | Zig:19   | Noticed a dread lich
 94904 | Zig:19   | Killed a dread lich
 94909 | Zig:19   | Killed a dread lich
 94911 | Zig:19   | Killed an ancient lich
 94915 | Zig:19   | Killed a dread lich
 94916 | Zig:19   | Noticed a dread lich
 94930 | Zig:19   | Killed a dread lich
 94983 | Zig:19   | Identified the staff of conjuration "Oseta" {+Blink rElec}
 94984 | Zig:19   | Identified the staff of fire "Zidel" {Fly rF+ rN+ Will+
                  | Stlth-}
 94992 | Zig:19   | Identified the +2 leather armour "Icsoupp" {Drain +Inv
                  | Str+6 Int-2}
 95015 | Zig:19   | Identified the ring "Ceczeetz" {AC+4 Int+4}
 95060 | Zig:20   | Entered Level 20 of a ziggurat
 95167 | Zig:20   | Noticed a dread lich
 95167 | Zig:20   | Noticed a dread lich
 95167 | Zig:20   | Noticed an ancient lich
 95202 | Zig:20   | Killed a dread lich
 95204 | Zig:20   | Killed a dread lich
 95207 | Zig:20   | Killed an ancient lich
 95214 | Zig:20   | Reached skill level 27 in Fighting
 95233 | Zig:20   | Identified the +5 flail "Vyuxkudefe" {heavy, Fly rElec
                  | rPois Str+4}
 95244 | Zig:20   | Identified the +8 morningstar "Ohakhimy" {flame, rCorr
                  | SInv}
 95251 | Zig:20   | Identified the +3 eveningstar of Fuzzy Absolution {protect,
                  | rPois}
 95267 | Zig:20   | Identified the ring "Sykeonkepsu" {Ice Int+2}
 95270 | Zig:20   | Identified the staff of cold "Ihohokhle" {Drain rPois rC+
                  | Str+4 Int+7}
 95311 | Zig:21   | Entered Level 21 of a ziggurat
 95377 | Zig:21   | Found the +4 consecrated labrys {holy, Valiant Fragile Fly
                  | SInv}
 95740 | Depths:2 | You paid a toll of +4 ice dragon scales to enter a treasure
                  | trove
 95741 | Trove    | Entered a treasure trove
 95759 | Trove    | Identified the +4 battleaxe of Dutraty {flame, rN+}
 95764 | Trove    | Identified the +2 morningstar "Talebag" {flame, Dex+5}
 95783 | Trove    | Identified the ring of Iveiq {Wiz *Slow rF+ rN+++}
 95785 | Trove    | Identified the ring of Meivut {rF+ Str+2 Dex+3}
 95787 | Trove    | Identified the ring "Tiute" {Str-3 Int+5 Dex+6}
 97142 | D:3      | Fell from the grace of the Shining One
 97142 | D:3      | Became a worshipper of Zin the Law-Giver
 97145 | D:3      | Donated 2418 gold pieces to Zin
 97725 | Zot:5    | Got the Orb of Zot
 97763 | Zot:4    | Noticed Umoxtaxt the pandemonium lord
 97776 | Zot:4    | Killed Umoxtaxt the pandemonium lord
 98339 | D:7      | Noticed Hercher the pandemonium lord
 98364 | D:7      | Killed Hercher the pandemonium lord
 98430 | D:6      | Reached skill level 27 in Long Blades
 98509 | D:1      | Noticed Natasha
 98519 | D:1      | Killed Natasha
 98577 | D:1      | Noticed Omuxaf the pandemonium lord
 98593 | D:1      | Killed Omuxaf the pandemonium lord
 98607 | D:$      | Escaped with the Orb!

Illustrated notes

Levels and vault maps discovered:
D:1:      saegor_arrival_simple_b, layout_loops_ring, serial_forest,
          infiniplex_forest_clump_small, infiniplex_forest_3_way,
          infiniplex_forest_zigzag_1, infiniplex_forest_lined_3,
          infiniplex_forest_clump_curved, infiniplex_forest_lined_3,
          infiniplex_forest_clump_small
D:2:      layout_basic, minmay_tetromino_l4, uniq_natasha
D:3:      layout_loops_ring, mainiacjoe_overflow_alcove_1, serial_shops, shop
D:4:      layout_rooms, marbit_many_paths, goddamned_bats
D:5:      layout_rooms, tgw_trog, mainiacjoe_overflow_alcove_2, serial_shops,
          shop, dreamdust_wishing_well
D:6:      layout_loops_corners, minmay_temple_entry_proselytizer,
          minmay_misc_feat_more_columns
D:7:      layout_gridville
D:8:      layout_basic, grunt_temple_overflow_champion_of_chaos,
          grunt_qazlal_sundering, mainiacjoe_overflow_concentric_impassable,
          gammafunk_ghost_grave, nicolae_titane, uniq_psyche, uniq_joseph
D:9:      layout_rooms, grunt_lair_entry_orc_guard_hut, uniq_harold
D:10:     layout_roguey
D:11:     layout_small_grid, zombieorc2_lemuel, uniq_urug, uniq_maurice
D:12:     minmay_octo_star, layout_long_grid
D:13:     layout_roguey
D:14:     layout_rooms, lightli_vaults_fourway_checkpoint,
          hangedman_decor_slide_cut, serial_shops, shop, minmay_diamond_spiral,
          uniq_nessos
D:15:     hangedman_depths_entry_civil_slaughter, layout_loops_ring
Temple:   nicolae_temple_two_arcs
Lair:1:   layout_gridlike, grunt_megastairs_3, infiniplex_staircase_pool,
          uniq_prince_ribbit2
Lair:2:   gammafunk_lair_enchanted_lake, layout_regular_city,
          nicolae_spider_entry_non_spiders, grunt_forest_stairs_basic,
          dreamdust_wasp_nest
Lair:3:   layout_gridlike, skrybe_swamp_entry_bodies, serial_rivers,
          chequers_serial_rivers_small_b, chequers_serial_rivers_marsh,
          chequers_serial_rivers_marsh, chequers_serial_rivers_marsh,
          chequers_serial_rivers_large_b
Lair:4:   layout_hall_layers, gauntlet_entry_generic,
          nzn_masters_of_martial_movement, grunt_megastairs_1
Lair:5:   evilmike_catoblepas_cave, layout_regular_city, slime_entry_1,
          serial_bayou_shore_b
Swamp:1:  layout_basic_swamp, evilmike_swamp_ruin_house_5, swamp_pool1
Swamp:2:  layout_basic_swamp, evilmike_swamp_ruin_house_3, swamp_pool5
Swamp:3:  nicolae_swamp_husk_halls, layout_basic_swamp, serial_swamp_ruin,
          evilmike_swamp_ruin_house_6, evilmike_swamp_ruin_house_1
Swamp:4:  byrel_swamp_growth_death_and_undeath, layout_basic_swamp
Spider:1: layout_chambers
Spider:2: nicolae_spider_obnoxious_hallway, guppyfry_hornet_nest
Spider:3: layout_spider_delve
Spider:4: floodkiller_spider_rune_tomb
Slime:1:  layout_caves
Slime:2:  layout_caves
Slime:3:  layout_caves
Slime:4:  layout_caves
Slime:5
Orc:1:    layout_diamond_mine, abandoned_shop, mines2_lemuel
Orc:2:    pf_orc_diabolical, layout_diamond_mine, serial_shops,
          nicolae_shop_tiny_waterfront, nicolae_shop_real_fake_doors, shop,
          nicolae_shop_advertising_works [nicolae_subvault_shop_adworks],
          mines3_lemuel, uniq_donald
Elf:1:    layout_geoelf_grid, evilmike_minifort
Elf:2:    elven_hall_of_blades_hangedman_alternative [grunt_blade_entry_basic],
          layout_geoelf_grid, uniq_agnes
Elf:3:    minmay_elf_hall_curves, layout_geoelf_castle, serial_shops,
          nicolae_shop_statue_plus, minmay_shoptagon
Vaults:1: nicolae_vaults_trapezoid_lopsided_2, hangedman_vaults_pinch,
          nicolae_vaults_octothorpe, ontoclasm_vaults_pinch,
          nicolae_vaults_network_quinsquares
          [nicolae_vaults_network_quincunx_subvault,
          nicolae_vaults_network_quincunx_subvault,
          nicolae_vaults_network_quincunx_subvault,
          nicolae_vaults_network_quincunx_subvault],
          hangedman_vaults_variations, nicolae_vaults_twisting_passages,
          special_room_vaults [special_room_orc], vaults_room_pools,
          nicolae_vaults_double_plus_1, layout_vaults_ring, uniq_saint_roka,
          uniq_aizul
Vaults:2: grunt_vaults_hallway_short, nicolae_vaults_storage_closets_3,
          dpeg_vaults_monster_box, nicolae_vaults_double_plus_1,
          ontoclasm_vaults_eye, nicolae_vaults_diagonal_hallway_6,
          layout_vaults_omnigrid
Vaults:3: nicolae_vaults_thirteen_compartments, minmay_crypt_entry_simple_box,
          ontoclasm_vaults_idyll, hangedman_vaults_cutoff,
          vaults_room_door_hall, nicolae_vaults_network_s,
          ontoclasm_vaults_misaligned, nicolae_vaults_alarming,
          nicolae_vaults_double_plus_1, nicolae_vaults_closet_pinwheel_4,
          nicolae_vaults_taking_the_gang_shopping, vaults_room_hallway,
          layout_vaults_big_room
Vaults:4: nicolae_vaults_storage_closets_2, nicolae_vaults_loss_of_containment,
          vaults_room_pool, ontoclasm_vaults_spin,
          nicolae_vaults_little_squares_1, ontoclasm_vaults_fault,
          vaults_standard_mumra_lines, nicolae_vaults_windows_and_doors_thing,
          layout_vaults_omnibox
Vaults:5
Crypt:1:  evilmike_wizard_prison, layout_misc_corridors,
          roderic_lattice_octagonal_star, uniq_khufu
Crypt:2:  layout_misc_corridors, uniq_margery
Crypt:3:  church_of_pain_bobbens, layout_chaotic_city, minmay_misc_feat_cross
Tomb:1
Depths:1: layout_long_grid, nemelex_diamond_rough_becter, abyss_entry_crystal,
          hangedman_tar_grid_catacomb, wad_dig_loot, serial_bayou_shore_b,
          serial_bayou_shore_b
Depths:2: minmay_connected_boxes_in_corner, layout_honeycomb,
          rand_demon_pan_entry_1, hell_entry, minmay_misc_feat_doors,
          nicolae_trove_entry_crystal, chei_slow_surprise
Depths:3: dreamdust_merry_men, layout_cave_shapes, enter_ziggurat_a,
          infiniplex_staircase_star, nicolae_hell_entry_hellmouth_sunbeams,
          hangedman_abyss_entry_splay, serial_bayou_ford_a, lemuel_statue_altar,
          uniq_grunn
Depths:4: evilmike_zot_entry_hall, layout_gridlike, hellmouth_3,
          evilmike_butchery, uniq_boris, uniq_sojobo
Hell
Zot:1:    layout_misc_corridors, evilmike_ambush [evilmike_ambush_outer_basic,
          evilmike_ambush_inner_cross], grunt_megastairs_5, uniq_josephina
Zot:2:    layout_gridlike, uniq_vv
Zot:3:    layout_gridlike, nicolae_transporter_circle
Zot:4:    layout_concentric_octagons, hangedman_zot_decor_scrapings,
          lemuel_baited_zot_trap, hangedman_spider_trapstep
Zot:5:    layout_misc_corridors

Skill      XL: |  1  2  3  4  5  6  7  8  9 10 11 12 13 14 15 16 17 18 19 20 21 22 23 24 25 26 27 |
---------------+----------------------------------------------------------------------------------+-----
Maces & Flails | 3 4 5 6 7 8 10 11 12 13 15 16 17 18 19 20 21 22 23 | 23.8
Dodging        | 1 2 3 4 6 8 9 10 11 12 14 | 14.9
Fighting       | 4 5 6 7 8 9 10 11 12 13 14 15 17 18 19 20 21 22 27 | 27.0
Armour         | 4 5 6 7 8 9 10 11 12 13 14 15 16 17 18 21 | 21.6
Shields        | 4 5 6 7 8 9 10 11 12 13 14 15 16 17 18 21 | 21.7
Invocations    | 2 3 5 6 8 9 10 11 12 19 | 19.3
Evocations     | 2 4 5 6 8 9 10 11 12 13 | 13.1
Long Blades    | 11 17 27 | 27.0
Earth Magic    | 21 | 21.8
Spellcasting   | 13 | 13.7

Action                     |  1- 3 |  4- 6 |  7- 9 | 10-12 | 13-15 | 16-18 | 19-21 | 22-24 | 25-27 || total
---------------------------+-------+-------+-------+-------+-------+-------+-------+-------+-------++-------
  Melee: Flail             |   105 |   262 |   498 |    23 |       |       |       |       |       ||   888
         Morningstar       |       |       |       |   459 |   876 |   949 |       |       |       ||  2284
         Unarmed           |       |       |       |     3 |       |       |       |       |       ||     3
         Demon whip        |       |       |       |       |       |  1136 |  2489 |  2711 |  2311 ||  8647
         Double sword      |       |       |       |       |       |       |       |       |  2299 ||  2299
         Eudemon blade     |       |       |       |       |       |       |       |       |  1344 ||  1344
  Throw: Stone             |     9 |     5 |     1 |    14 |       |     7 |       |       |       ||    36
         Javelin           |       |     6 |       |     2 |     3 |     8 |       |       |       ||    19
         Dart              |       |       |     6 |    21 |       |       |       |       |       ||    27
 Invoke: Heroism           |       |       |     3 |     6 |     7 |     7 |     8 |     2 |     7 ||    40
         Finesse           |       |       |       |     1 |     4 |     7 |     3 |     2 |     5 ||    22
         Cleansing Flame   |       |       |       |       |       |       |       |       |    84 ||    84
         Recite            |       |       |       |       |       |       |       |       |     8 ||     8
         Divine Shield     |       |       |       |       |       |       |       |       |     8 ||     8
         Vitalisation      |       |       |       |       |       |       |       |       |     1 ||     1
         Donate Gold       |       |       |       |       |       |       |       |       |     1 ||     1
         Brand Weapon With |       |       |       |       |       |       |       |       |     1 ||     1
Ability: Evoke Blink       |       |       |       |       |     1 |     2 |       |       |     1 ||     4
  Evoke: Wand              |       |       |     8 |     5 |     6 |    47 |     5 |    16 |    26 ||   113
    Use: Scroll            |       |     8 |     4 |     8 |    10 |    13 |       |    13 |    46 ||   102
         Potion            |       |     2 |     8 |     4 |     6 |     5 |     3 |     4 |    44 ||    76
   Stab: Invisible         |       |       |       |       |       |     3 |       |       |       ||     3
         Confused          |       |       |       |       |       |       |       |       |     8 ||     8
         Distracted        |       |       |       |       |       |       |       |       |     2 ||     2
 Armour: Scale mail        |    61 |   150 |    43 |       |       |       |       |       |       ||   254
         Plate armour      |       |       |   324 |   368 |   580 |       |       |       |       ||  1272
         Crystal plate arm |       |       |       |       |   403 |  2083 |   852 |   851 |  2435 ||  6624
  Dodge: Dodged            |    63 |   144 |   186 |   173 |   357 |   554 |   511 |   851 |  2714 ||  5553
  Block: Buckler           |    18 |    68 |   132 |   179 |   404 |    22 |       |       |       ||   823
         Kite shield       |       |       |       |       |       |  1574 |   665 |       |       ||  2239
         Tower shield      |       |       |       |       |       |       |   923 |  2339 |  5770 ||  9032
Riposte: Double sword      |       |       |       |       |       |       |       |       |   376 ||   376
         Eudemon blade     |       |       |       |       |       |       |       |       |    31 ||    31

Table legend: (Time is in decaauts)
 A = Elapsed time spent in this place.
 B = Non-inter-level travel time spent in this place.
 C = Inter-level travel time spent in this place.
 D = Time resting spent in this place.
 E = Time spent auto-exploring this place.
 F = Levels seen in this place.
 G = Mean time per level.
                   A        B        C        D        E       F      G
               +--------+--------+--------+--------+--------+-----+--------+
         Total |  94650 |  80581 |  14069 |  17051 |  39280 |  97 |  975.8 |
       Dungeon |  21624 |  16596 |   5028 |   3814 |   8096 |  15 | 1441.6 |
        Temple |    217 |    174 |     43 |      0 |    106 |   1 |  217.0 |
          Lair |   6292 |   5463 |    829 |    415 |   3649 |   5 | 1258.4 |
         Swamp |   4810 |   4456 |    354 |   1317 |   1852 |   4 | 1202.5 |
   Spider Nest |   6711 |   6343 |    368 |   2667 |   2127 |   4 | 1677.8 |
    Slime Pits |   1074 |    984 |     90 |    137 |    560 |   5 |  214.8 |
  Orcish Mines |   3629 |   2721 |    908 |    518 |   1305 |   2 | 1814.5 |
   Elven Halls |   3935 |   3542 |    393 |    640 |   1924 |   3 | 1311.7 |
        Vaults |  11027 |   9788 |   1239 |   2664 |   4057 |   5 | 2205.4 |
         Crypt |   3161 |   2802 |    359 |     25 |   1741 |   3 | 1053.7 |
          Tomb |    212 |    135 |     77 |      3 |     55 |   1 |  212.0 |
        Depths |   8579 |   6057 |   2522 |   1192 |   3016 |   4 | 2144.8 |
          Hell |    580 |    556 |     24 |      0 |    350 |   1 |  580.0 |
           Zot |  11352 |   9524 |   1828 |   2415 |   4694 |   5 | 2270.4 |
         Abyss |    724 |    724 |      0 |      3 |    155 |   6 |  120.7 |
   Pandemonium |   7747 |   7747 |      0 |    706 |   4485 |  10 |  774.7 |
      Ziggurat |   2249 |   2249 |      0 |    476 |    635 |  21 |  107.1 |
         Trove |    102 |    102 |      0 |      0 |     84 |   1 |  102.0 |
      Gauntlet |    617 |    617 |      0 |     53 |    387 |   1 |  617.0 |
               +--------+--------+--------+--------+--------+-----+--------+

Top non-repeatable levels by time:
   Zot:5: 3873 daAuts
   Zot:4: 3338 daAuts
Spider:4: 3190 daAuts
Depths:4: 2793 daAuts
   Orc:2: 2675 daAuts
Vaults:1: 2448 daAuts
Vaults:5: 2433 daAuts
     D:8: 2430 daAuts
Vaults:3: 2354 daAuts
   Elf:3: 2133 daAuts
Depths:2: 2107 daAuts
Vaults:2: 1954 daAuts
 Swamp:4: 1911 daAuts
Depths:1: 1861 daAuts
Vaults:4: 1837 daAuts
